 Dungeon Crawl Stone Soup version 0.30-a0-54-g2e61a25929 (webtiles) character file.

Game seed: 7575434235039283577

1341 LnG the Cleaver (level 8, -9/70 HPs)
             Began as a Hill Orc Fighter on Sept 7, 2022.
             Was a Believer of Uskayaw.
             Killed by divine providence
             ... invoked by an orc priest
              (12 damage)
             ... on level 6 of the Dungeon.
             The game lasted 00:14:42 (7200 turns).

LnG the Cleaver (Hill Orc Fighter)                  Turns: 7200, Time: 00:14:45

Health: -9/70      AC: 11    Str: 20    XL:     8   Next: 62%
Magic:  8/8        EV:  9    Int: 12    God:    Uskayaw [**....]
Gold:   252        SH:  6    Dex:  9    Spells: 7/7 levels left

rFire   + . .      SeeInvis .    a - +0 war axe
rCold   . . .      Faith    .    c - +2 buckler
rNeg    . . .      Spirit   .    b - +0 scale mail
rPois   .          Reflect  .    p - +2 helmet
rElec   .          Harm     .    (no cloak)
rCorr   .          Rampage  .    (no gloves)
Will    ++...                    (no boots)
Stlth   ..........               (no amulet)
HPRegen 0.21/turn                s - ring of willpower
MPRegen 0.11/turn                (no ring)

@: lethally poisoned (-9 -> -38)
A: clever 1, fire resistance 1, strong-willed 1
a: Renounce Religion, Convert to Beogh, Stomp, Line Pass


You were on level 6 of the Dungeon.
You worshipped Uskayaw.
Uskayaw was noncommittal.
You visited 2 branches of the dungeon, and saw 7 of its levels.

You collected 252 gold pieces.

Inventory:

Hand Weapons
 a - a +0 war axe (weapon)
Missiles
 j - a throwing net (quivered)
 z - 2 boomerangs
Armour
 b - a +0 scale mail (worn)
 c - a +2 buckler (worn)
 p - a +2 helmet (worn)
Jewellery
 s - a ring of willpower (left hand)
Wands
 y - a wand of mindburst (24)
Scrolls
 e - 2 scrolls of fog
 f - a scroll of vulnerability {unknown}
 h - 3 scrolls of identify
 i - a scroll of noise {unknown}
 n - a scroll of immolation {unknown}
 q - 2 scrolls of teleportation {unknown}
 u - a scroll of torment {unknown}
 x - a scroll of blinking {unknown}
 A - a scroll of magic mapping {unknown}
Potions
 d - a potion of might
 g - a potion of heal wounds {unknown}
 k - a potion of attraction {unknown}
 l - 4 potions of haste
 m - 2 potions of cancellation {unknown}
 o - a potion of resistance {unknown}
 r - a potion of degeneration {unknown}
 t - 2 potions of mutation
 v - 4 potions of lignification {unknown}
 w - a potion of curing {unknown}


   Skills:
 + Level 6.0 Fighting
 + Level 9.1 Axes
 + Level 6.3 Armour
 + Level 1.6 Dodging
 + Level 1.3 Stealth
 + Level 4.6 Shields


You had 7 spell levels left.
You didn't know any spells.
Your spell library contained the following spells:

 Spells                   Type           Power      Damage    Failure   Level
 Freeze                   Ice            0%         1d3       75%         1
 Static Discharge         Conj/Air       0%         3-3/arc   86%         2
 Frozen Ramparts          Ice            0%         1d1       98%         3
 Hailstorm                Conj/Ice       0%         3d3       100%        4
 Lightning Bolt           Conj/Air       0%         1d11      100%        5
 Maxwell's Capacitive Co  Air            0%         ∞         100%        8


Dungeon Overview and Level Annotations

Branches:
Dungeon (6/15)             Temple (1/1) D:4

Altars:
Elyvilon
Gozag
Kikubaaqudgha
Makhleb
Qazlal
Trog
Uskayaw
Vehumet
Wu Jian
Xom
Yredelemnul
Zin
The Shining One

Shops:
D:6 =


Innate Abilities, Weirdness & Mutations

Your mind is acute. (Int +4, Str/Dex -1)
Your flesh is heat resistant. (rF+)
You are strong-willed. (Will+)


Message History

You slash the orc priest!
You kill the orc priest!
You can now pass through a line of other dancers.
You hit the orc warrior.
The orc warrior is lightly wounded.
The orc warrior hits you with a +2 mace of venom!
The orc priest shouts, "Surrender to Beogh and we'll let you live!"
You closely miss the orc warrior.
The orc warrior is lightly wounded.
The orc warrior hits you with a +2 mace of venom.
You are poisoned.
You hit the orc warrior.
The orc warrior is lightly wounded.
You feel very sick.
The orc priest invokes the aid of Beogh against you.
Beogh smites you!
The orc warrior hits you with a +2 mace of venom.
You are more poisoned.
You barely miss the orc warrior.
The orc warrior is lightly wounded.
You feel very sick.
The orc priest shouts, "Beogh is our master!
Accept the truth or die!"
The orc warrior hits you but does no damage.
You are more poisoned.
You slash the orc warrior!
The orc warrior is heavily wounded.
* * * LOW HITPOINT WARNING * * *
You feel very sick.
The orc warrior hits you with a +2 mace of venom!
* * * LOW HITPOINT WARNING * * *
You are more poisoned.
The orc warrior hits you but does no damage.
You are more poisoned.
It was a potion of mutation.
You feel extremely strange.
You feel resistant to heat.
You feel clever.
You feel strong-willed.
* * * LOW HITPOINT WARNING * * *
You feel extremely sick.
The orc priest calls down the wrath of Beogh upon you.
Beogh smites you!
You die...

#.# #.# #.#
###
#####.##
...
.......#
#.#
.####..#
#.#
.####..####
#o#
..........#
#o#
.########.#
#@#
#.######.#
#........#
##########


You could see an orc warrior and an orc priest.

Vanquished Creatures
  2 black bears (D:5)
  A phantom (D:5)
  A necrophage (D:6)
  2 scorpions
  3 wights (D:6)
  3 hounds
  3 orc priests
  Crazy Yiuf (D:4)
  Natasha (thrice) (D:4)
  2 iguanas
  2 orc wizards (D:4)
  Robin (D:4)
  10 gnolls
  12 adders
  A shadow imp (D:5)
  A white imp (D:6)
  7 worms
  A dart slug (D:2)
  14 orcs
  9 endoplasms
  A giant cockroach (D:2)
  17 goblins
  6 hobgoblins
  8 jackals
  6 quokkas
  6 ball pythons
  4 bats
  2 frilled lizards
  4 kobolds
  6 rats
139 creatures vanquished.

Vanquished Creatures (others)
  2 fungi (D:4)
2 creatures vanquished.

Grand Total: 141 creatures vanquished

Notes
Turn   | Place    | Note
-------+----------+-------------------------------------------
     0 | D:1      | LnG the Hill Orc Fighter began the quest for the Orb.
     0 | D:1      | Reached XP level 1. HP: 19/19 MP: 1/1
   488 | D:1      | Reached XP level 2. HP: 17/27 MP: 2/2
   968 | D:2      | Reached skill level 3 in Axes
  1121 | D:2      | Reached XP level 3. HP: 28/33 MP: 3/3
  1641 | D:2      | Reached skill level 4 in Axes
  1641 | D:2      | Reached XP level 4. HP: 36/40 MP: 4/4
  1960 | D:2      | You fall into a shaft and drop 1 floor!
  2305 | D:3      | Reached XP level 5. HP: 33/47 MP: 5/5
  2422 | D:3      | Found a faded altar of an unknown god.
  2855 | D:3      | Reached skill level 5 in Axes
  3373 | D:4      | Reached skill level 1 in Dodging
  3373 | D:4      | Reached XP level 6. HP: 45/55 MP: 6/6
  3434 | D:3      | Reached skill level 6 in Axes
  3700 | D:4      | Reached skill level 5 in Fighting
  3981 | D:4      | Found a staircase to the Ecumenical Temple.
  4002 | Temple   | Entered the Ecumenical Temple
  4380 | Temple   | Became a worshipper of Uskayaw the Reveller
  4423 | D:4      | Reached * piety under Uskayaw
  4438 | D:4      | Noticed Robin
  4444 | D:4      | Reached ** piety under Uskayaw
  4447 | D:4      | Reached *** piety under Uskayaw
  4456 | D:4      | Killed Robin
  4456 | D:4      | Reached **** piety under Uskayaw
  4802 | D:4      | Noticed Natasha
  4816 | D:4      | Killed Natasha
  4817 | D:4      | Reached XP level 7. HP: 60/61 MP: 7/7
  4841 | D:4      | Found a runed translucent door.
  4842 | D:4      | Noticed Crazy Yiuf
  5082 | D:4      | Noticed Natasha
  5092 | D:4      | Killed Natasha
  5093 | D:4      | Reached skill level 5 in Armour
  5505 | D:4      | Noticed Natasha
  5507 | D:4      | Killed Natasha
  5536 | D:4      | Killed Crazy Yiuf
  5537 | D:4      | Reached skill level 7 in Axes
  5996 | D:5      | Entered Level 5 of the Dungeon
  6504 | D:5      | Reached XP level 8. HP: 63/70 MP: 8/8
  6540 | D:5      | Reached skill level 8 in Axes
  7026 | D:6      | Reached skill level 1 in Stealth
  7125 | D:6      | Found Xoyl's Jewellery Shoppe.
  7135 | D:6      | Reached skill level 9 in Axes
  7200 | D:6      | Gained mutation: Your flesh is heat resistant. (rF+)
                  | [potion of mutation]
  7200 | D:6      | Gained mutation: Your mind is acute. (Int +4, Str/Dex -1)
                  | [potion of mutation]
  7200 | D:6      | Gained mutation: You are strong-willed. (Will+) [potion of
                  | mutation]
  7200 | D:6      | HP: 3/70 [poisoned by an orc warrior]
  7200 | D:6      | Killed from afar by an orc priest

Illustrated notes

Levels and vault maps discovered:
D:1:      dpeg_arrival_shrine, layout_basic, minmay_pentomino_r4
D:2:      layout_loops_ring, kennysheep_crisscross, minmay_misc_feat_hallway
D:3:      layout_basic, basic_ecumenical_altar, nicolae_wormholes
D:4:      layout_basic, minmay_temple_entry_proselytizer,
          uniq_crazy_yiuf_cottage, uniq_robin, uniq_natasha
D:5:      layout_loops_ring
D:6:      layout_basic, serial_glass, glass_columns_b, glass_columns_a,
          minmay_shop_enchanted_jewellery, uniq_duvessa
Temple:   compressed_dpeg_triangle_lava_temple

Skill      XL: |  1  2  3  4  5  6  7  8 |
---------------+-------------------------+-----
Fighting       | 4 5 6 |  6.0
Axes           | 3 4 5 6 7 9 |  9.1
Armour         | 4 5 6 |  6.3
Dodging        | 1 |  1.6
Shields        | 4 |  4.6
Stealth        | 1 |  1.3

Action                   |  1- 3 |  4- 6 |  7- 9 || total
-------------------------+-------+-------+-------++-------
Melee: War axe           |    91 |   228 |   117 ||   436
  Use: Scroll            |       |     6 |     1 ||     7
       Potion            |       |       |     1 ||     1
 Stab: Paralysed         |       |     2 |     3 ||     5
Armor: Scale mail        |    44 |   113 |    50 ||   207
Dodge: Dodged            |    50 |    87 |    62 ||   199
Block: Buckler           |    22 |    58 |    35 ||   115

Table legend: (Time is in decaauts)
 A = Elapsed time spent in this place.
 B = Non-inter-level travel time spent in this place.
 C = Inter-level travel time spent in this place.
 D = Time resting spent in this place.
 E = Time spent auto-exploring this place.
 F = Levels seen in this place.
 G = Mean time per level.
                   A        B        C        D        E       F      G
               +--------+--------+--------+--------+--------+-----+--------+
         Total |   7321 |   6961 |    360 |   2216 |   3289 |   7 | 1045.9 |
       Dungeon |   6926 |   6609 |    317 |   2143 |   3037 |   6 | 1154.3 |
        Temple |    394 |    351 |     43 |     73 |    252 |   1 |  394.0 |
               +--------+--------+--------+--------+--------+-----+--------+

Top non-repeatable levels by time:
     D:4: 2073 daAuts
     D:3: 1481 daAuts
     D:2: 1299 daAuts
     D:5: 1021 daAuts
     D:1: 856 daAuts
  Temple: 394 daAuts
     D:6: 193 daAuts
